 Dungeon Crawl Stone Soup version 0.27.0-1-g7a089689b8 (webtiles) character file.

Game seed: 16296031824848662830

345280 freelancePsychic the Warrior (level 23, -3/142 (158) HPs)
             Began as a Djinni Wanderer on Aug 2, 2021.
             Was the Champion of Hepliaklqana.
             Slain by a vault warden (31 damage)
             ... on level 5 of the Vaults.
             The game lasted 02:23:13 (36197 turns).

freelancePsychic the Warrior (Djinni Wanderer)     Turns: 36197, Time: 02:23:14

HP:   -3/142 (158)  AC: 13    Str: 15      XL:     23   Next: 10%
Gold: 3917          EV: 23    Int: 24 (26) God:    Hepliaklqana [******] SH: 20 Dex: 16

rFire    + + +     SeeInvis +   x - staff of earth
rCold    + + .     Faith    .   w - +2 shield of Resistance {rF++ rC++ Will++}
rNeg     . . .     Spirit   .   i - +4 troll leather armour
rPois    ∞         Reflect  +   X - +0 hat of Dishonour {rF- Regen+ rCorr Str+3}
rElec    +         Harm     .   a - +0 cloak "Han Hoin" {rElec rC+ SInv}
rCorr    +         Rampage  .   Q - +2 pair of gloves
Will     ++++.                  (boots unavailable)
Stlth    ++........             T - amulet of reflection
HPRegen  2.33/turn              W - +6 ring of intelligence
MPRegen  0.00/turn              u - +4 ring of evasion

@: flying, heavily drained
A: reduced essence, sickness immunity, fire resistance 2, cold vulnerability 1,
float, innate caster, hp casting, extra vitality 1
}: 2/15 runes: decaying, serpentine
a: Renounce Religion, Recall Ancestor, Ancestor Identity, Transference, Idealise


You were on level 5 of the Vaults.
You worshipped Hepliaklqana.
Hepliaklqana was exalted by your worship.
You visited 7 branches of the dungeon, and saw 39 of its levels.
You also visited: Gauntlet and Ice Cave.

You collected 4115 gold pieces.
You spent 198 gold pieces at shops.

Inventory:

Armour
 a - the +0 cloak "Han Hoin" (worn) {rElec rC+ SInv}
   (You found it in a Gauntlet)

   rC:        It protects you from cold.
   rElec:     It insulates you from electricity.
   SInv:      It lets you see invisible.
 i - a +4 troll leather armour (worn)
 w - the +2 shield of Resistance (worn) {rF++ rC++ Will++}
   (You took it off a deep elf zephyrmancer on level 3 of the Elven Halls)

   rF:        It greatly protects you from fire.
   rC:        It greatly protects you from cold.
   Will:      It greatly increases your willpower.
 Q - a +2 pair of gloves (worn)
 X - the +0 hat of Dishonour (worn) {rF- Regen+ rCorr Str+3}
   (You found it in a Gauntlet)

   Str:       It affects your strength (+3).
   rF:        It makes you vulnerable to fire.
   Regen:     It increases your rate of health regeneration.
   rCorr:     It protects you from acid and corrosion.
Magical Staves
 r - a staff of cold
 x - a staff of earth (weapon)
 O - a staff of conjuration
Jewellery
 g - the ring "Naac" {Ice rElec Will++ Dex-2 SInv}
   (You took it off a deep elf blademaster on level 3 of the Elven Halls)

   [ring of ice]

   It enhances your ice magic.
   Dex:       It affects your dexterity (-2).
   rF:        It makes you vulnerable to fire.
   rC:        It protects you from cold.
   rElec:     It insulates you from electricity.
   SInv:      It lets you see invisible.
   Will:      It greatly increases your willpower.
 u - a +4 ring of evasion (right hand)
 R - a ring of protection from fire
 S - a ring of protection from cold
 T - an amulet of reflection (around neck)
 V - a ring of positive energy
 W - a +6 ring of intelligence (left hand)
Wands
 c - a wand of paralysis (19)
 j - a wand of digging (14)
 k - a wand of mindburst (48)
 y - a wand of flame (84)
 A - a wand of iceblast (55)
 F - a wand of acid (47)
 Z - a wand of charming (12)
Scrolls
 b - 4 scrolls of magic mapping
 e - 2 scrolls of silence
 f - a scroll of summoning
 m - 10 scrolls of fog
 p - 4 scrolls of noise
 q - 8 scrolls of immolation
 z - 8 scrolls of enchant weapon
 C - 3 scrolls of torment
 D - 9 scrolls of holy word
 G - 7 scrolls of teleportation {@r4}
 H - a scroll of blinking
 K - 2 scrolls of enchant armour
 L - 3 scrolls of vulnerability
 M - 6 scrolls of identify {@r1}
Potions
 d - 5 potions of berserk rage
 h - 8 potions of brilliance
 l - 14 potions of curing {@q1}
 n - 2 potions of cancellation
 o - 4 potions of flight
 t - 2 potions of magic
 v - a potion of invisibility
 B - a potion of resistance
 E - 6 potions of mutation
 I - a potion of ambrosia
 J - 3 potions of might
 N - 9 potions of lignification
 P - 2 potions of haste {@q3}
Miscellaneous
 s - a condenser vane
 U - a phial of floods
 Y - a phantom mirror


   Skills:
 + Level 18.6 Fighting
 - Level 5.4 Bows
 - Level 5.0 Armour
 - Level 12.9 Dodging
 - Level 1.0 Stealth
 - Level 15.0 Shields
 - Level 2.0 Unarmed Combat
 + Level 18.4 Spellcasting
 - Level 5.3 Invocations
 - Level 2.0 Evocations


You had 3 spell levels left.
You knew the following spells:

 Your Spells              Type           Power      Damage    Failure   Level
a - Summon Horrible Thin  Summ           42%        N/A       9%          8
b - Malign Gateway        Summ/Tloc      42%        N/A       1%          7
c - Spellforged Servitor  Conj/Summ      42%        N/A       1%          7
d - Summon Guardian Gole  Hex/Summ       84%        N/A       0%          3
e - Freezing Cloud        Conj/Ice/Air   42%        6-21      1%          5
f - Blade Hands           Tmut           42%        N/A       1%          5
g - Shadow Creatures      Summ           N/A        N/A       1%          6
h - Call Imp              Summ           84%        N/A       0%          2
i - Frozen Ramparts       Ice            100%       1d12      0%          3
j - Shock                 Conj/Air       100%       1d9       0%          1
k - Lehudib's Crystal Sp  Conj/Erth      52%        10d12     9%          8
Your spell library was empty.

Dungeon Overview and Level Annotations

Branches:
Dungeon (15/15)            Temple (0/1) D:6            Lair (6/6) D:9
  Swamp (4/4) Lair:3        Snake (4/4) Lair:4        Slime (0/5) Lair:5
    Orc (2/2) D:11            Elf (3/3) Orc:2        Vaults (5/5) D:13
 Depths (0/5) D:15          IceCv (visited)         Gauntlet (visited)
  Crypt: Vaults:2-3

Altars:
Cheibriados
Elyvilon
Gozag
Hepliaklqana
Kikubaaqudgha
Qazlal
Trog
Beogh
Jiyva

Shops:
D:5 [   Orc:2 [[=(   Elf:1 (   Elf:2 =   Vaults:3 [

Annotations:
D:4 exclusion: necrophage, Eustachio
D:5 1 runed translucent door, Crazy Yiuf
Lair:2 exclusion: oklob plant
Lair:4 Rupert
Orc:2 Mayja's ghost, veteran DDBe
Elf:1 1 runed translucent door
Elf:2 3 runed translucent doors


Innate Abilities, Weirdness & Mutations

Your life essence is reduced to manifest your ancestor. (-10% HP)
You are immune to sickness and miasma.
You are immune to poison.
Your flesh is very heat resistant. (rF++)
You are vulnerable to cold. (rC-)
You float through the air rather than walking.
You learn spells naturally, not from books.
Your magical power is your life essence.
You have superior vitality. (+4 HP)


Message History

Your large abomination hits the vault guard.
Your large abomination hits the vault warden!
Jeannie blocks the deep troll's attack.
The deep troll claws Jeannie but does no damage.
Jeannie blocks the deep troll's attack.
Your large abomination hits the ironbound convoker!!
The ironbound convoker dies!
You block the vault warden's attack.
The vault warden hits your large abomination but does no damage.
The vault warden hits your large abomination with a +0 battleaxe.
The vault warden barely misses your large abomination.
The phantasmal warrior hits your large abomination!
Your large abomination is destroyed!
Jeannie hits the deep troll with a +0 broad axe of flaming!
Jeannie burns the deep troll.
Your large abomination hits the deep troll!!
The sphinx hits your large abomination. x2
The sphinx barely misses your large abomination.
A tengu reaver comes into view.
It is wielding a +0 great sword and wearing a +1 scale mail of positive energy.
Your tentacled monstrosity tentacle-slaps the vault guard!
Your tentacled monstrosity tentacle-slaps the vault guard.
Your tentacled monstrosity tentacle-slaps the vault guard but does no damage.
Your tentacled monstrosity grabs the vault guard.
Your tentacled monstrosity constricts the vault guard! 2 deep trolls and a stone giant come into view.
Okay, then.
You feel better.
Your large abomination disappears in a puff of smoke!
An ironbound preserver comes into view. It is wielding a +0 flail.
The vault sentinel blows a loud note on a signal horn!
Your large abomination misses the vault warden.
The shadow dragon bites your large abomination!
The shadow dragon claws your large abomination!
The shadow dragon claws your large abomination but does no damage.
The vault guard hits your tentacled monstrosity with a +0 glaive!!
Your large abomination hits the sphinx!!
Your large abomination hits the shadow dragon.
You block the deep troll's attack. x3
The vault warden hits you with a +0 battleaxe!!
You die...

##..# ... #...# #..# ...
##..# #...# . ..p . ##...#
.... ..###.###.. #....##
#..# ......... ##..)..#.
#...## ...p. ##......#.
#..##.DX#####H#####e.(....#.
#.......p§.@XX.)Cp)X..†...#.
.....##XXXpXTRXeWTQ.##.p.)..
..# ###################...
.........[ .......C[<
.......... .....$....
################C..
................)..


You could see the friendly Jeannie the knight, a shadow dragon (ally target), an
ironbound preserver, a sphinx (ally target), a stone giant, a vault warden (ally
target), a tengu reaver, a vault guard (ally target), a deep elf annihilator, 2
deep trolls, a vault sentinel (catching breath), a phantasmal warrior, a
friendly tentacled monstrosity (summoned) and 7 friendly large abominations.

Vanquished Creatures
  A deep elf blademaster (Elf:3)
  2 deep elf master archers (Elf:3)
  A sphinx (Vaults:3)
  A tengu reaver (Vaults:3)
  Kirke (Swamp:1)
  A nagaraja (Snake:4)
  A deep elf sorcerer (Elf:3)
  2 vault wardens (Vaults:3)
  An orc warlord (Vaults:3)
  4 deep elf elementalists
  An ironbound preserver (Vaults:3)
  6 deep elf demonologists (Elf:3)
  A dire elephant (Vaults:3)
  5 deep elf annihilators
  A deep elf death mage (Elf:3)
  An ettin (Vaults:3)
  An eleionoma (Swamp:3)
  A deep elf high priest (Elf:3)
  18 hydras
  An ironbound thunderhulk (Vaults:3)
  A shambling mangrove (Swamp:4)
  2 vault guards
  2 naga warriors (Snake:4)
  A boulder beetle (D:12)
  Harold (D:8)
  4 anacondas
  11 centaur warriors
  A salamander tyrant (Snake:4)
  2 catoblepae (Lair:6)
  Erolcha (Orc:1)
  A two-headed ogre (D:11)
  A dancing weapon (Elf:2)
  9 death yaks
  A nameless horror (Vaults:5)
  2 alligators (Swamp:1)
  Urug (Lair:3)
  An ironbound beastmaster (Vaults:3)
  3 orc high priests (Orc:2)
  7 naga sharpshooters
  10 deep elf knights
  2 shock serpents (Snake:4)
  A hell knight (D:15)
  Nergalle (Lair:3)
  2 salamander mystics (Snake:4)
  7 deep trolls
  3 sea snakes (Snake:4)
  2 naga ritualists
  6 deep elf archers
  2 lindwurms
  3 swamp dragons (Swamp:4)
  2 ironbound convokers (Vaults:3)
  2 necromancers
  24 deep elf pyromancers
  17 deep elf zephyrmancers
  3 cyclopes
  5 orc knights
  10 salamanders (Snake:4)
  7 mana vipers
  11 ugly things
  7 slime creatures
  A moth of wrath (Gauntlet)
  2 manticores
  5 orc sorcerers
  3 guardian serpents (Snake:4)
  3 vault sentinels (Vaults:3)
  19 black mambas
  3 naga magi
  2 gargoyles
  9 cane toads
  A rime drake (IceCv)
  A kobold demonologist (D:13)
  A tengu conjurer (D:15)
  Psyche (D:8)
  11 komodo dragons
  10 trolls
  4 hornets
  Prince Ribbit (D:5)
  8 dream sheep
  13 blink frogs
  3 spriggans
  2 redbacks (Gauntlet)
  An air elemental (Elf:2)
  A yak (shapeshifter) (Elf:3)
  A spriggan (shapeshifter) (Elf:1)
  A wyvern (shapeshifter) (Elf:2)
  A water elemental (Elf:3)
  34 yaks
  6 basilisks
  A wyvern (Lair:6)
  3 fire elementals (Gauntlet)
  A steam dragon (D:8)
  8 vampire mosquitoes
  5 swamp worms
  2 wargs (Orc:1)
  An acid dragon (D:13)
  14 nagas
  12 water moccasins
  Duvessa (D:6)
  3 hell hounds (Gauntlet)
  5 black bears
  22 orc warriors
  A swamp drake (Swamp:4)
  A sky beast (D:5)
  An ogre (Orc:2)
  13 centaurs
  17 bullfrogs
  A kobold brigand (D:9)
  2 wyvern zombies
  A gnoll sergeant (D:5)
  2 scorpions
  Dowan (D:6)
  A water moccasin skeleton (D:7)
  2 killer bees (D:8)
  A wight (D:8)
  9 howler monkeys
  4 electric eels
  A centaur zombie (D:6)
  3 bullfrog zombies
  4 jellies
  19 orc priests
  A human zombie (D:7)
  2 hounds
  3 gnoll shamans
  A centaur skeleton (D:7)
  Natasha (D:4)
  6 iguanas
  15 orc wizards
  A mummy (D:7)
  9 gnolls (D:5)
  6 adders
  An ufetubus (D:5)
  A worm (D:3)
  65 orcs
  6 endoplasms
  7 giant cockroaches
  4 goblins
  6 hobgoblins
  9 jackals
  6 quokkas
  5 ball pythons
  3 bats
  5 frilled lizards
  12 kobolds
  A rat (D:3)
  A bush (Lair:5)
717 creatures vanquished.

Vanquished Creatures (collateral kills)
  the Lernaean hydra (Swamp:4)
  Saint Roka (Vaults:2)
  A tentacled monstrosity (Swamp:1)
  2 liches (Vaults:5)
  3 titans (Vaults:5)
  A deep elf blademaster (Elf:3)
  3 sphinxes
  Frances (Swamp:1)
  A shadow dragon (Vaults:3)
  4 tengu reavers
  A frost giant (Vaults:4)
  A nagaraja (Snake:4)
  4 deep elf sorcerers
  10 vault wardens
  An orc warlord (Elf:2)
  2 deep elf elementalists (Elf:3)
  6 ironbound preservers
  6 very ugly things
  2 deep elf demonologists (Elf:3)
  3 deep elf annihilators
  2 bunyips (Swamp:4)
  A white draconian (IceCv)
  4 deep elf death magi
  5 ettins
  4 eleionomae
  4 yaktaur captains
  2 deep elf high priests (Elf:3)
  4 ironbound thunderhulks
  2 boulder beetles
  3 salamander tyrants (Snake:4)
  24 vault guards
  6 naga warriors
  A ghost crab (Swamp:4)
  5 anacondas
  12 hydras
  A catoblepas (Lair:6)
  A two-headed ogre (D:12)
  3 ironbound frosthearts
  3 orc high priests
  2 alligators (Swamp:2)
  2 naga sharpshooters
  4 death yaks (Lair:6)
  11 dancing weapons
  3 shock serpents (Snake:4)
  4 deep elf knights (Elf:3)
  A salamander mystic (Snake:4)
  4 skeletal warriors (D:12)
  2 sea snakes (Snake:4)
  9 swamp dragons (Swamp:4)
  2 naga ritualists
  8 deep trolls
  8 ironbound convokers
  2 lindwurms (Snake:4)
  2 bog bodies
  2 deep elf pyromancers
  2 phantasmal warriors
  8 orc knights
  6 deep elf zephyrmancers (Elf:1)
  5 wizards
  5 deep elf archers
  3 harpies (Vaults:2)
  8 mana vipers
  13 ugly things
  17 slime creatures
  An orc sorcerer (Vaults:3)
  A will-o-the-wisp (Swamp:4)
  A salamander (Snake:4)
  2 manticores
  Maurice (Orc:1)
  An ice statue (IceCv)
  2 centaur zombies
  A frost giant skeleton (Vaults:4)
  2 naga magi
  An elephant (Lair:4)
  3 guardian serpents (Snake:4)
  10 black mambas
  6 vault sentinels
  A torpor snail (Lair:6)
  4 cane toads
  2 yaktaurs (Vaults:2)
  3 rime drakes
  6 komodo dragons
  2 freezing wraiths
  An efreet (Gauntlet)
  2 hornets
  2 polar bears
  2 blink frogs
  A redback (Gauntlet)
  A spriggan (Swamp:1)
  3 wyverns
  A shadow (D:12)
  A vampire (D:9)
  2 wraiths (D:12)
  9 yaks
  2 hogs (Swamp:1)
  2 elf zombies (Vaults:4)
  2 basilisks
  4 vampire mosquitoes
  A steam dragon (D:8)
  A chaos spawn (Elf:3)
  2 nagas (Snake:1)
  3 wargs
  5 swamp worms
  3 water moccasins
  2 ice beasts
  13 orc warriors
  2 ogres
  6 swamp drakes
  A centaur (D:9)
  A wolf (Lair:4)
  2 kobold brigands
  3 bullfrogs
  A scorpion (D:4)
  3 earth elementals (Elf:1)
  2 wyvern zombies (D:7)
  2 lindwurm simulacra (IceCv)
  4 killer bees (D:8)
  6 wights
  2 howler monkeys
  2 komodo dragon simulacra (IceCv)
  2 gnoll shamans (D:5)
  13 orc priests
  A hound (D:5)
  An iron imp (D:8)
  3 iguanas
  11 orc wizards
  Natasha (twice) (D:4)
  A mummy (D:7)
  2 acid dragon simulacra (IceCv)
  7 gnolls
  4 nameless horrors
  A white imp (D:7)
  6 steam dragon simulacra (IceCv)
  A worm (D:4)
  28 orcs
  A jackal (D:5)
  2 kobolds (D:9)
512 creatures vanquished.

Vanquished Creatures (others)
  33 eldritch tentacles
  A minotaur (Gauntlet)
  A deep elf death mage (Elf:1)
  2 two-headed ogres
  A deep elf knight (Elf:1)
  A skeletal warrior (D:12)
  2 deep elf pyromancers (Elf:1)
  3 deep elf zephyrmancers (Elf:1)
  An ice statue (IceCv)
  A black mamba (Snake:1)
  A cane toad (Lair:1)
  3 rime drakes (IceCv)
  2 ice devils (Lair:5)
  A komodo dragon (Lair:3)
  A troll (D:7)
  A water elemental (Elf:1)
  4 yaks
  3 humans (Swamp:1)
  A swamp worm (Swamp:4)
  An orc warrior (D:5)
  A hornet zombie (D:7)
  Blork the orc (D:5)
  4 wights
  A centaur zombie (D:7)
  5 komodo dragon simulacra (IceCv)
  18 knights
  7 ancestors
  An acid dragon simulacrum (IceCv)
  3 steam dragon simulacra (IceCv)
  2 orcs (Vaults:3)
  29 fungi
  62 plants
  23 withered plants (Gauntlet)
221 creatures vanquished.

Grand Total: 1450 creatures vanquished

Notes
Turn   | Place    | Note
-------+----------+-------------------------------------------
     0 | D:1      | freelancePsychic the Djinni Wanderer began the quest for
                  | the Orb.
     0 | D:1      | Reached XP level 1. HP: 20/20 MP: 0/0
   916 | D:2      | Found a faded altar of an unknown god.
   963 | D:2      | Reached XP level 2. HP: 25/25 MP: 0/0
  1199 | D:2      | Found a bloodstained altar of Trog.
  1231 | D:2      | Reached skill level 1 in Spellcasting
  1299 | D:2      | Reached XP level 3. HP: 30/30 MP: 0/0
  1299 | D:2      | Learned a level 1 spell: Shock
  2106 | D:3      | Reached XP level 4. HP: 34/37 MP: 0/0
  2691 | D:3      | Found a white marble altar of Elyvilon.
  2693 | D:3      | Found an opulent altar of Gozag.
  2694 | D:3      | Found a stormy altar of Qazlal.
  2694 | D:3      | Found a hazy altar of Hepliaklqana.
  2697 | D:3      | Became a worshipper of Hepliaklqana the Forgotten
  3209 | D:3      | Reached XP level 5. HP: 41/41 MP: 0/0
  3209 | D:3      | Learned a level 2 spell: Call Imp
  3367 | D:4      | Noticed Natasha
  3722 | D:4      | Noticed a black bear
  4123 | D:4      | Killed a black bear
  4124 | D:4      | Reached XP level 6. HP: 32/47 MP: 0/0
  4267 | D:4      | Identified the +1 chain mail of Gozag {-Tele Int+3}
  4281 | D:4      | Noticed Eustachio
  4711 | D:4      | Killed Natasha
  5237 | D:4      | Noticed Natasha
  5245 | D:4      | Killed Natasha
  5338 | D:4      | Noticed a necrophage
  5526 | D:4      | Noticed Natasha
  5537 | D:4      | Killed Natasha
  5538 | D:4      | Reached XP level 7. HP: 33/52 MP: 0/0
  5538 | D:4      | Learned a level 3 spell: Frozen Ramparts
  5867 | D:5      | Entered Level 5 of the Dungeon
  5867 | D:5      | Noticed Prince Ribbit
  5880 | D:5      | Killed Prince Ribbit
  5881 | D:5      | Reached skill level 5 in Spellcasting
  6094 | D:5      | Reached * piety under Hepliaklqana
  6103 | D:5      | Reached XP level 8. HP: 37/52 MP: 0/0
  6170 | D:5      | Reached skill level 5 in Fighting
  6644 | D:5      | Noticed Blork the orc
  6809 | D:6      | Noticed Dowan
  6816 | D:6      | Noticed Duvessa
  6843 | D:6      | Killed Duvessa
  6878 | D:6      | Killed Dowan
  7152 | D:6      | Reached XP level 9. HP: 28/59 MP: 0/0
  7152 | D:6      | Learned a level 3 spell: Summon Guardian Golem
  7802 | D:6      | Found a staircase to the Ecumenical Temple.
  8066 | D:5      | Killed Blork the orc
  8521 | D:5      | Found Imenke's Armour Emporium.
  8528 | D:5      | Bought a +1 cloak of willpower for 198 gold pieces
  8535 | D:5      | Identified a scroll of acquirement
  8824 | D:5      | Found a runed translucent door.
  8825 | D:5      | Noticed Crazy Yiuf
  9406 | D:7      | Noticed a troll
  9486 | D:7      | Killed a troll
  9674 | D:7      | Reached XP level 10. HP: 51/68 MP: 0/0
  9885 | D:7      | You are sucked into a shaft and drop 3 floors!
  9885 | D:10     | Entered Level 10 of the Dungeon
  9902 | D:10     | Noticed a two-headed ogre
  9938 | D:10     | Killed a two-headed ogre
 10003 | D:10     | Reached skill level 1 in Dodging
 10057 | D:10     | Reached ** piety under Hepliaklqana
 10058 | D:10     | Remembered your ancestor Jeannie as a knight
 10511 | D:9      | Found a staircase to the Lair.
 10615 | D:9      | Noticed a two-headed ogre
 10625 | D:9      | Killed a two-headed ogre
 10777 | D:9      | Reached XP level 11. HP: 75/75 MP: 0/0
 10777 | D:9      | Learned a level 5 spell: Blade Hands
 11025 | D:8      | Found a snail-covered altar of Cheibriados.
 11102 | D:8      | Reached skill level 10 in Fighting
 11426 | D:8      | Reached *** piety under Hepliaklqana
 11435 | D:8      | Noticed Harold
 11443 | D:8      | Noticed Psyche
 11463 | D:8      | Killed Psyche
 11485 | D:8      | Killed Harold
 11931 | D:7      | You are sucked into a shaft and drop 2 floors!
 12428 | Lair:1   | Entered Level 1 of the Lair of Beasts
 12535 | Lair:1   | Noticed an eight-headed hydra
 12550 | Lair:1   | Killed an eight-headed hydra
 12551 | Lair:1   | Reached skill level 5 in Dodging
 12709 | Lair:1   | Noticed a boulder beetle
 12759 | Lair:1   | Killed a boulder beetle
 12933 | Lair:1   | Reached XP level 12. HP: 72/84 MP: 0/0
 12946 | Lair:1   | Reached skill level 10 in Spellcasting
 13023 | Lair:1   | Noticed a six-headed hydra
 13034 | Lair:1   | Killed a six-headed hydra
 13383 | Lair:1   | Acquired a staff of conjuration
 13986 | Lair:2   | Reached **** piety under Hepliaklqana
 14139 | Lair:2   | Noticed a boulder beetle
 14161 | Lair:2   | Killed a boulder beetle
 14828 | Lair:3   | Noticed a seven-headed hydra
 14843 | Lair:3   | Killed a seven-headed hydra
 14890 | Lair:3   | Noticed a seven-headed hydra
 14910 | Lair:3   | Killed a seven-headed hydra
 14968 | Lair:3   | Noticed a four-headed hydra
 14977 | Lair:3   | Killed a four-headed hydra
 14978 | Lair:3   | Reached XP level 13. HP: 41/89 MP: 0/0
 14978 | Lair:3   | Learned a level 5 spell: Freezing Cloud
 15044 | Lair:3   | Reached skill level 10 in Dodging
 15190 | Lair:3   | Noticed a five-headed hydra
 15192 | Lair:3   | Noticed a seven-headed hydra
 15204 | Lair:3   | Killed a seven-headed hydra
 15220 | Lair:3   | Killed a five-headed hydra
 15289 | Lair:3   | Found a staircase to the Swamp.
 15477 | Lair:3   | Noticed Nergalle
 15484 | Lair:3   | Killed Nergalle
 15531 | Lair:3   | Noticed Urug
 15540 | Lair:3   | Killed Urug
 16442 | Lair:4   | Found a staircase to the Snake Pit.
 16582 | Lair:4   | Noticed Rupert
 16695 | Lair:4   | Reached ***** piety under Hepliaklqana
 16876 | Lair:4   | Reached XP level 14. HP: 93/96 MP: 0/0
 16983 | Lair:4   | Reached skill level 5 in Bows
 17396 | Lair:4   | Acquired a staff of cold
 17554 | Lair:5   | Reached skill level 1 in Invocations
 17584 | Lair:5   | Found a frozen archway.
 17616 | IceCv    | Entered an ice cave
 17900 | IceCv    | Noticed a white draconian
 17911 | IceCv    | Killed a white draconian
 18496 | Lair:5   | Found a viscous altar of Jiyva.
 18496 | Lair:5   | Found a staircase to the Slime Pits.
 18728 | Lair:6   | Entered Level 6 of the Lair of Beasts
 18748 | Lair:6   | Found a gate leading to a gauntlet.
 18754 | Gauntlet | Entered a Gauntlet
 18754 | Gauntlet | Found a transporter.
 18763 | Gauntlet | Found a transporter.
 18780 | Gauntlet | Found a transporter.
 18784 | Gauntlet | Found a transporter.
 18805 | Gauntlet | Found a transporter.
 18818 | Gauntlet | Found a transporter.
 18826 | Gauntlet | Found a transporter.
 18830 | Gauntlet | Found a transporter.
 18861 | Gauntlet | Found a transporter.
 18890 | Gauntlet | Found a transporter.
 18890 | Gauntlet | Found a transporter.
 18895 | Gauntlet | Found a transporter.
 18970 | Gauntlet | Identified the +0 cloak "Han Hoin" {rElec rC+ SInv}
 18991 | Gauntlet | Identified the +7 broad axe "Qyas" {freeze, rC+ Str+2}
 19015 | Gauntlet | Identified the +0 hat of Dishonour {rF- Regen+ rCorr Str+3}
 19071 | Gauntlet | Noticed a minotaur
 19080 | Gauntlet | Killed a minotaur
 19224 | Lair:6   | Reached XP level 15. HP: 100/103 MP: 0/0
 19224 | Lair:6   | Learned a level 6 spell: Shadow Creatures
 19807 | Lair:6   | Reached skill level 5 in Invocations
 19903 | Lair:6   | Identified the +1 robe of Optimism {rF+ Str+4 SInv}
 20555 | D:11     | Found a staircase to the Orcish Mines.
 21011 | Orc:1    | Entered Level 1 of the Orcish Mines
 21035 | Orc:1    | Reached skill level 1 in Shields
 21143 | Orc:2    | Entered Level 2 of the Orcish Mines
 21297 | Orc:2    | Reached ****** piety under Hepliaklqana
 21604 | Orc:2    | Paralysed by an orc sorcerer for 6 turns
 21630 | Orc:2    | Found Gotz's Weapon Emporium.
 21637 | Orc:2    | Found Tijydyukk's Jewellery Boutique.
 21653 | Orc:2    | Found Vyekh's Armour Boutique.
 21655 | Orc:2    | Found Ykucara's Antique Armour Emporium.
 21704 | Orc:2    | Found a staircase to the Elven Halls.
 21959 | D:12     | Reached XP level 16. HP: 111/111 MP: 0/0
 23134 | Elf:1    | Entered Level 1 of the Elven Halls
 23134 | Elf:1    | Found a runed translucent gate.
 23134 | Elf:1    | Found a runed translucent gate.
 23134 | Elf:1    | Found a runed translucent gate.
 23134 | Elf:1    | Found a runed translucent gate.
 23134 | Elf:1    | Found a runed translucent gate.
 23134 | Elf:1    | Found a runed translucent gate.
 23137 | Elf:1    | Found a runed translucent door.
 23292 | Elf:1    | Found a runed translucent door.
 23360 | Elf:1    | Noticed a deep elf sorcerer
 23365 | Elf:1    | Reached skill level 15 in Fighting
 23370 | Elf:1    | Killed a deep elf sorcerer
 23480 | Elf:1    | Found a transporter.
 23488 | Elf:1    | Noticed Mayja's ghost (veteran DDBe)
 23926 | Elf:1    | Found a transporter.
 24513 | Elf:1    | Found Vynoteil's Antique Weapon Emporium.
 25139 | Elf:2    | Reached skill level 1 in Armour
 25222 | Elf:2    | Reached XP level 17. HP: 115/118 MP: 0/0
 25222 | Elf:2    | Learned a level 7 spell: Malign Gateway
 25271 | Elf:2    | Found Pavulog's Jewellery Emporium.
 25474 | Elf:2    | Identified the +4 scale mail of the Sacrificial Victim
                  | {Regen+ Int+2}
 25657 | Elf:2    | Found a runed translucent gate.
 25658 | Elf:2    | Found a runed translucent gate.
 25659 | Elf:2    | Found a runed translucent gate.
 25771 | Elf:3    | Entered Level 3 of the Elven Halls
 25816 | Elf:3    | Identified the +1 scale mail of the Chupacabra {rElec rN+}
 25960 | Elf:3    | Identified the amulet of Fanaticism {rPois rF+ Regen+ MP+9
                  | Str-4}
 25960 | Elf:3    | Noticed a deep elf master archer
 25964 | Elf:3    | Noticed a deep elf blademaster
 25969 | Elf:3    | Killed a deep elf master archer
 26015 | Elf:3    | Reached skill level 15 in Spellcasting
 26016 | Elf:3    | Killed a deep elf blademaster
 26029 | Elf:3    | Noticed an Executioner
 26043 | Elf:3    | Reached skill level 5 in Armour
 26178 | Elf:2    | Paralysed by an air elemental for 1 turns
 26279 | Elf:3    | Identified the +2 glaive of Myhipam {vamp, Will- Dex+2
                  | Stlth+}
 26288 | Elf:3    | Reached skill level 5 in Shields
 26488 | Elf:3    | Noticed a deep elf master archer
 26490 | Elf:3    | Killed a deep elf master archer
 26492 | Elf:3    | Identified the ring "Naac" {Ice rElec Will++ Dex-2 SInv}
 26492 | Elf:3    | Noticed a deep elf blademaster
 26510 | Elf:3    | Killed a deep elf blademaster
 26563 | Elf:3    | Noticed an Executioner
 26590 | Elf:3    | Noticed a Hell Sentinel
 26592 | Elf:3    | Noticed a Tzitzimitl
 26624 | Elf:3    | Identified the ring "Qegubbuck" {rPois Will+}
 26636 | Elf:3    | Reached XP level 18. HP: 125/125 MP: 0/0
 27014 | Elf:3    | Identified the ring of Acol {rPois rN+ rCorr MP-9 Dex+2}
 27832 | Orc:1    | Noticed Maurice
 27843 | Orc:1    | Killed Maurice
 27854 | Orc:1    | Noticed Erolcha
 27870 | Orc:1    | Killed Erolcha
 28981 | D:13     | Reached skill level 10 in Shields
 28989 | D:13     | Found a gate to the Vaults.
 29966 | D:15     | Entered Level 15 of the Dungeon
 30129 | D:15     | Found a staircase to the Depths.
 30614 | D:15     | Reached XP level 19. HP: 130/130 MP: 0/0
 30614 | D:15     | Learned a level 7 spell: Spellforged Servitor
 31103 | Snake:1  | Entered Level 1 of the Snake Pit
 31489 | Snake:1  | You are sucked into a shaft and drop 1 floor!
 31535 | Snake:4  | Entered Level 4 of the Snake Pit
 32100 | Snake:4  | Reached XP level 20. HP: 119/135 MP: 0/0
 32139 | Snake:4  | Got a serpentine rune of Zot
 32474 | Swamp:1  | Entered Level 1 of the Swamp
 32477 | Swamp:1  | Noticed a tentacled monstrosity
 32490 | Swamp:1  | Killed a tentacled monstrosity
 32560 | Swamp:1  | Noticed Kirke
 32560 | Swamp:1  | Noticed Frances
 32567 | Swamp:1  | Killed Kirke
 32570 | Swamp:1  | Killed Frances
 32636 | Swamp:2  | Reached skill level 15 in Shields
 32715 | Swamp:4  | Entered Level 4 of the Swamp
 32959 | Swamp:4  | Noticed the 27-headed Lernaean hydra
 32962 | Swamp:4  | Killed the 27-headed Lernaean hydra
 33103 | Swamp:4  | Got a decaying rune of Zot
 33474 | Vaults:1 | Entered Level 1 of the Vaults
 33561 | Vaults:2 | Noticed Saint Roka
 33571 | Vaults:2 | Killed Saint Roka
 33887 | Vaults:3 | Reached XP level 21. HP: 97/142 MP: 0/0
 33887 | Vaults:3 | Learned a level 8 spell: Summon Horrible Things
 33946 | Vaults:3 | Identified the +5 flail of Popular Demand {chaos, rElec
                  | Dex+4 Stlth+}
 34496 | Vaults:3 | Found Xalas's Armour Shop.
 35383 | Vaults:3 | Identified the amulet of Tulips {RegenMP Str-3 Int-5 Dex+10
                  | SInv}
 35389 | Vaults:3 | Identified the ring of Hucafok {rPois rF+ rCorr Dex+2}
 35475 | Vaults:5 | Entered Level 5 of the Vaults
 35662 | Vaults:4 | Reached XP level 22. HP: 137/137 MP: 0/0
 36037 | Vaults:5 | Identified the +0 crystal plate armour of Complete
                  | Protection {Rampage rPois}
 36072 | Vaults:5 | Reached XP level 23. HP: 143/158 MP: 0/0
 36072 | Vaults:5 | Learned a level 8 spell: Lehudib's Crystal Spear
 36108 | Vaults:5 | Found the +2 ratskin cloak {*Rats rPois rN+ Str-1 Int-1
                  | Dex+1}
 36136 | Vaults:5 | Identified the ring "Buturph" {Ice rN++ Str-4}
 36197 | Vaults:5 | Slain by a vault warden

Illustrated notes

Levels and vault maps discovered:
D:1:      denvon_arrival_planthouse, layout_basic
D:2:      layout_basic, hellmonk_ecumenical_altar_pennies_from_heaven,
          basic_altar
D:3:      layout_loops_corners, mainiacjoe_overflow_alcove_3,
          gup_sewer_entry_pipe, minmay_increasing_density
D:4:      layout_basic, uniq_eustachio, uniq_natasha
D:5:      layout_cave_pools, serial_gnoll_camp, gnoll_camp_mini_hut,
          gnoll_camp_mini_hut, gnoll_camp_medium_02, gnoll_camp_mini_basic,
          gnoll_camp_mini_shop, chequers_jeans, uniq_blork_the_orc,
          uniq_prince_ribbit1, uniq_crazy_yiuf_cottage
D:6:      layout_loops_ring, minmay_temple_entry_gardened_gates, uniq_duvessa
D:7:      layout_rooms, lemuel_mausoleum_altar_kikubaaqudgha, minmay_lizard_king
D:8:      layout_basic, slow_altar_1, special_room [special_room_orc],
          uniq_harold, uniq_psyche
D:9:      layout_rooms, dpeg_oklobed_lair
D:10:     layout_cave_pools, mrwooster_statue_mirror
D:11:     layout_cave_pools, orc_0_dummy
D:12:     layout_basic, serial_corexii_hall, chequers_hall_statues_y,
          corexii_hall_statues_l, corexii_hall_statues_u, corexii_hall_statues_i
D:13:     layout_loops_ring, david_vaults_5, serial_rivers,
          chequers_serial_rivers_micro_d, chequers_serial_rivers_micro_b,
          chequers_serial_rivers_marsh, chequers_serial_rivers_room_a,
          chequers_serial_rivers_micro_e, chequers_serial_rivers_large_a
D:14:     layout_gridville, serial_bayou_shore_b
D:15:     hangedman_depths_entry_civil_slaughter, layout_cave_pods
Lair:1:   layout_cave_pods
Lair:2:   layout_chaotic_city, minmay_lair_oklob_bushes
Lair:3:   wad_woods_structure_01, layout_small_grid, palyth_hydra_swamp_entry,
          uniq_nergalle, uniq_urug
Lair:4:   nzn_winding_woodlands_three_and_one [nzn_winding_woodlands_5x15_eye,
          nzn_winding_woodlands_5x15_pockets, nzn_winding_woodlands_5x15_zeroes,
          nzn_winding_woodlands_center_pierced_h], layout_gridlike,
          minmay_snake_entry_guardpost_small, grunt_forest_large_clearing_hut,
          lemuel_fruit_tree, uniq_rupert
Lair:5:   layout_roguey, dpeg_slime_entry_enclosed_altar,
          portal_ice_cave_demonic_guard, guppyfry_lair_drakes,
          grunt_megastairs_2
Lair:6:   evilmike_catoblepas_cave, layout_loops_ring, gauntlet_entry_generic
Swamp:1:  layout_falls_marsh, evilmike_swamp_ruin_rubble_2, uniq_kirke,
          uniq_frances
Swamp:2:  layout_basic_swamp, infiniplex_staircase_pool
Swamp:3:  layout_basic_swamp, evilmike_swamp_ruin_house_4
Swamp:4:  swamp_old_school, layout_basic_swamp
Snake:1:  layout_rooms, serial_bayou_shore_a
Snake:2:  layout_grid_shapes
Snake:3:  kennysheep_six_static_rooms, layout_chambers
Snake:4:  snake_pit_salamanders_mu, layout_basic, grunt_ministairs_5,
          st_stairs_1
Orc:1:    layout_diamond_mine, minmay_orc_keep, uniq_maurice, uniq_erolcha
Orc:2:    st_orc_elflike, layout_caves
Elf:1:    nicolae_elf_arrival_dilemma, layout_geoelf_diagonals,
          gammafunk_ghost_arena, serial_shops, nicolae_shop_window_shopping,
          minmay_elf_annihilation, lemuel_flamethrower_2
Elf:2:    nicolae_elf_blades_splatter_lattice
          [nicolae_blade_entry_diamond_columns], layout_geoelf_diagonals,
          serial_shops, shop, special_room [special_room_orc], serial_sigils,
          serial_sigils_hangedman_scar, serial_sigils_hangedman_quiver,
          serial_sigils_hangedman_gut, serial_sigils_hangedman_stare,
          corexii_hall_statues_l
Elf:3:    grunt_elf_hall_diamonds, layout_geoelf_octagon,
          nicolae_elf_free_trip_to_the_abyss
Vaults:1: v_pattern_1, vaults_room_fours, v_misc_30, grunt_vaults_trifunnel,
          v_misc_8, hangedman_vaults_nodes, nicolae_vaults_big_angled_halls,
          ontoclasm_vaults_misaligned, nicolae_vaults_little_squares_5,
          ontoclasm_vaults_chip, grunt_tower_of_power, v_alt_pattern_1,
          ontoclasm_vaults_idyll, layout_vaults_maze, serial_shops, shop,
          uniq_donald
Vaults:2: minmay_crypt_entry_necro_gods, nicolae_vaults_alarming,
          nicolae_vaults_little_squares_1, vaults_mumra_chevron,
          ontoclasm_vaults_gateway, dpeg_vaults_monster_box,
          ontoclasm_vaults_chip, layout_vaults_quadrants, serial_shops,
          nicolae_shop_window_shopping, uniq_saint_roka
Vaults:3: vaults_dpeg_spiral, nicolae_vaults_little_squares_4,
          ontoclasm_vaults_pinch, hangedman_vaults_cutoff,
          nicolae_vaults_little_squares_3, vaults_mumra_hexcomb,
          dpeg_vaults_waves, vaults_room_ringed_pool, vaults_room_hallway,
          ontoclasm_vaults_loading_screen, v_misc_1,
          nicolae_vaults_little_squares_3, nicolae_vaults_three_branches,
          nicolae_vaults_shelves_hall, v_alt_pattern_5, layout_vaults_omnicross,
          serial_shops, shop_statue
Vaults:4: nicolae_vaults_twisting_passages, v_misc_27,
          nicolae_vaults_network_periphery, vaults_dpeg_cross,
          nicolae_vaults_mini_display_case, vaults_mumra_minichess_inversion,
          v_misc_9, nicolae_vaults_rhombus_7, vaults_room_hallway,
          layout_vaults_omnibox
Vaults:5: serial_shops

Skill      XL: |  1  2  3  4  5  6  7  8  9 10 11 12 13 14 15 16 17 18 19 20 21 22 |
---------------+-------------------------------------------------------------------+-----
Spellcasting   | 1 2 3 4 5 6 8 9 11 12 13 14 15 16 17 18 | 18.4
Fighting       | 4 6 7 9 11 12 13 14 15 16 17 18 | 18.6
Dodging        | 4 6 9 11 12 | 12.9
Bows           | 4 5 |  5.4
Invocations    | 3 5 |  5.3
Shields        | 4 7 11 14 15 | 15.0
Armour         | 1 5 |  5.0
Stealth        | |  1.0
Unarmed Combat | |  2.0
Evocations     | |  2.0

Action                   |  1- 3 |  4- 6 |  7- 9 | 10-12 | 13-15 | 16-18 | 19-21 | 22-24 || total
-------------------------+-------+-------+-------+-------+-------+-------+-------+-------++-------
Melee: Staff             |       |       |       |       |    70 |   143 |   165 |    21 ||   399
       Punch             |       |       |       |       |     1 |       |       |       ||     1
 Fire: Shortbow          |    67 |   121 |   156 |   512 |   114 |       |       |       ||   970
 Cast: Shock             |     7 |    43 |    23 |     5 |       |       |       |       ||    78
       Call Imp          |       |    30 |    15 |     5 |     4 |       |       |       ||    54
       Frozen Ramparts   |       |       |    28 |    49 |    19 |    12 |       |       ||   108
       Summon Guardian G |       |       |    13 |    22 |    17 |     3 |       |       ||    55
       Freezing Cloud    |       |       |       |       |   168 |   238 |   172 |     5 ||   583
       Blade Hands       |       |       |       |       |     1 |     1 |       |       ||     2
       Shadow Creatures  |       |       |       |       |    18 |    78 |    56 |     4 ||   156
       Malign Gateway    |       |       |       |       |       |    10 |    21 |     2 ||    33
       Spellforged Servi |       |       |       |       |       |       |    10 |     1 ||    11
       Summon Horrible T |       |       |       |       |       |       |     1 |    34 ||    35
       Lehudib's Crystal |       |       |       |       |       |       |       |     2 ||     2
Invok: Ancestor Identity |       |       |     1 |       |       |       |       |       ||     1
       Recall Ancestor   |       |       |     1 |     3 |     1 |     7 |     2 |     1 ||    15
       Ancestor Life: Kn |       |       |       |     1 |       |       |       |       ||     1
       Idealise          |       |       |       |       |       |     2 |       |       ||     2
       Transference      |       |       |       |       |       |     1 |       |       ||     1
 Abil: End Transformatio |       |       |       |       |     1 |     1 |       |       ||     2
Evoke: Phantom mirror    |       |       |       |       |       |       |     1 |       ||     1
  Use: Scroll            |     5 |     1 |    12 |     7 |     7 |    14 |     6 |       ||    52
       Potion            |       |       |       |       |       |     6 |     5 |     1 ||    12
 Stab: Invisible         |       |       |       |       |       |     1 |       |       ||     1
       Distracted        |       |       |       |       |       |     1 |     1 |       ||     2
Armor: Robe              |     8 |    12 |    15 |       |       |       |       |       ||    35
       Troll leather arm |       |       |       |    81 |    54 |    37 |    44 |     5 ||   221
Dodge: Dodged            |    31 |    42 |    63 |   185 |   184 |   215 |   226 |    60 ||  1006
Block: Buckler           |       |       |       |       |     1 |    86 |       |       ||    87
       Reflection        |       |       |       |       |       |    51 |    43 |     2 ||    96
       Kite shield       |       |       |       |       |       |   149 |   362 |    91 ||   602
